 Dungeon Crawl Stone Soup version 0.29.1-4-g47bece8355 (webtiles) character file.

Game seed: 11664918764140079129

2132 iamoutofideas the Cleaver (level 9, -4/74 HPs)
             Began as a Hill Orc Gladiator on Dec 8, 2022.
             Was an Initiate of Gozag.
             Slain by an orc knight
             ... wielding a +0 war axe
              (22 damage)
             ... in a bailey.
             The game lasted 00:08:58 (8612 turns).

iamoutofideas the Cleaver (Hill Orc Gladiator)      Turns: 8612, Time: 00:08:59

Health: -4/74      AC:  9    Str: 21    XL:     9   Next: 30%
Magic:  9/9        EV: 12    Int:  8    God:    Gozag
Gold:   593        SH:  0    Dex: 12    Spells: 8/8 levels left

rFire   + . .      SeeInvis .   I - +2 broad axe (vorpal)
rCold   + + .      Faith    .   (no shield)
rNeg    . . .      Spirit   .   F - +0 acid dragon scales
rPois   +          Reflect  .   c - +0 helmet
rElec   +          Harm     .   D - +0 cloak
rCorr   +          Rampage  .   (no gloves)
Will    .....                   (no boots)
Stlth   +.........              y - amulet of the acrobat
HPRegen 0.22/turn               w - ring of poison resistance
MPRegen 0.11/turn               u - ring of protection from cold

@: mighty, resistant, gold aura, invisible
A: no striking features
a: Renounce Religion, Potion Petition, Call Merchant, Bribe Branch


You were in a bailey.
You worshipped Gozag.
Gozag was pleased with you.
You visited 2 branches of the dungeon, and saw 8 of its levels.
You also visited: Ossuary and Bailey.

You collected 1371 gold pieces.
You paid 778 gold pieces to Gozag.

Inventory:

Hand Weapons
 a - a +0 war axe
 E - a +2 hand axe
 I - a +2 vorpal broad axe (weapon)
Missiles
 d - 6 throwing nets (quivered)
 e - 7 javelins
Armour
 c - a +0 helmet (worn)
 g - a scarf of resistance
 r - a +0 ring mail
 D - a +0 cloak (worn)
 F - +0 acid dragon scales (worn)
Jewellery
 n - a ring of resist corrosion
 o - an amulet of magic regeneration
 u - a ring of protection from cold (right hand)
 v - a ring of fire
 w - a ring of poison resistance (left hand)
 y - an amulet of the acrobat (around neck)
 G - a ring of protection from fire
Scrolls
 b - 2 scrolls of silence {unknown}
 f - a scroll of teleportation
 i - 4 scrolls of poison
 j - a scroll of noise {unknown}
 m - 2 scrolls of summoning
 s - a scroll of fog
 x - a scroll of enchant armour {unknown}
 B - a scroll of immolation {unknown}
 H - a scroll of magic mapping
Potions
 h - a potion of mutation
 k - a potion of brilliance
 l - a potion of degeneration {unknown}
 p - 2 potions of flight
 q - a potion of haste
 t - a potion of cancellation
 z - 2 potions of magic {unknown}
 A - a potion of curing
 C - 2 potions of ambrosia


   Skills:
 - Level 5.0 Fighting
 * Level 14.1 Axes
 - Level 1.7 Throwing
 + Level 4.3 Armour
 - Level 2.4 Dodging


You had 8 spell levels left.
You didn't know any spells.
Your spell library contained the following spells:

 Spells                   Type           Power      Damage    Failure   Level
 Summon Small Mammal      Summ           0%         N/A       50%         1
 Poisonous Vapours        Pois/Air       0%         N/A       63%         2
 Call Canine Familiar     Summ           0%         N/A       86%         3
 Conjure Flame            Conj/Fire      0%         6-21      86%         3
 Gell's Gravitas          Tloc           0%         N/A       86%         3
 Ignite Poison            Fire/Tmut/Pois 0%         N/A       86%         3
 Summon Guardian Golem    Hex/Summ       0%         N/A       86%         3
 Teleport Other           Tloc           0%         N/A       86%         3
 Sticky Flame             Conj/Fire      0%         2d3       99%         4
 Dispersal                Tloc           0%         N/A       100%        6
 Corpse Rot               Necr/Pois/Air  Unusable   N/A       N/A         4

Dungeon Overview and Level Annotations

Branches:
Dungeon (7/15)             Temple (1/1) D:4         Ossuary (visited)
 Bailey (1/1)

Altars:
Ashenzari
Dithmenos
Elyvilon
Fedhas
Gozag
Hepliaklqana
Kikubaaqudgha
Makhleb
Nemelex Xobeh
Okawaru
Qazlal
Ru
Sif Muna
Trog
Uskayaw
Vehumet
Wu Jian
Xom
Yredelemnul
Zin
The Shining One

Portals:
Abyss: D:3

Annotations:
D:3 2 transporters, Grorgnorb's ghost, amateur OpWn
D:7 3 runed translucent doors, elongatedgoose's ghost, novice MiMo


Message History

Purchase which effect?
You no longer have enough gold to fund merchants seeking to open stores in the dungeon.
You feel protected.
You feel very mighty all of a sudden.
You fade into invisibility!
The orc knight closely misses you.
The kobold throws a boomerang.
The boomerang closely misses you.
A goblin comes into view. It is wielding a +0 hand axe.
Unknown command.
You hit the orc knight.
The orc knight is heavily wounded.
The goblin shouts!
You slash the hobgoblin!
You kill the hobgoblin!
You hear a shout!
The orc knight closely misses you.
You hit the orc knight.
The orc knight is heavily wounded.
You slash the kobold!
You kill the kobold!
The orc knight hits you with a +0 war axe!!
Unknown command.
The kobold throws a boomerang.
The boomerang hits the orc knight.
You feel better.
The orc knight hits you with a +0 war axe!!
* * * LOW HITPOINT WARNING * * *
You feel better.
The orc knight hits you with a +0 war axe.
* * * LOW HITPOINT WARNING * * *
The kobold throws a boomerang.
The boomerang barely misses you.
You see here 3 boomerangs.
Okay, then.
Okay, then.
You aren't carrying any items that you can evoke.
Unknown command.
Okay, then.
As you read the scroll of summoning, it crumbles to dust.
Wisps of shadow whirl around you...
The orc knight hits you with a +0 war axe!!
You die...
Your body crumbles into a pile of gold.

$ .#############
.............####
#$.o.....g..##
##'#.Kg......##
#$g#.ggg⌠.....
#..###o..g...#
###o.'$#@g...###
^g..###.g....#####
###+####..#..ggg≈≈≈≈≈≈≈≈
#
#.......####.≈≈)≈≈≈≈≈≈≈#
≈K#...!.o.#K≈≈≈≈≈≈)....##
≈≈#########≈≈≈≈≈g.....##
≈≈≈≈≈≈≈≈≈≈≈≈≈........##
#≈≈≈≈≈≈≈≈~........###
#.............####


You could see an orc knight (unable to see you, ally target), an orc warrior
(unable to see you), a goblin (unable to see you), a kobold (unable to see you)
and 11 friendly gnolls.

Vanquished Creatures
  Menkaure (D:7)
  2 black bears
  2 centaurs
  2 elf zombies (Ossuary)
  2 bullfrogs
  A gnoll sergeant (D:5)
  5 scorpions
  A necrophage (D:5)
  7 wights
  A quasit (D:4)
  2 hounds (D:6)
  2 orc priests
  2 orc wizards
  Natasha (thrice) (D:2)
  2 mummies (Ossuary)
  11 gnolls
  5 adders
  2 shadow imps
  An ufetubus (D:4)
  3 adder zombies (Ossuary)
  A worm (D:2)
  3 dart slugs
  22 orcs
  9 endoplasms
  6 giant cockroaches
  9 goblins
  7 hobgoblins
  5 jackals (D:3)
  8 kobolds
  4 quokkas
  5 ball pythons
  5 bats
  2 frilled lizards
  9 hobgoblin zombies (Ossuary)
  4 jackal zombies (Ossuary)
  8 kobold zombies (Ossuary)
  10 orc zombies (Ossuary)
  10 rats
  A rat zombie (Ossuary)
185 creatures vanquished.

Vanquished Creatures (others)
  6 demonic plants (D:4)
  6 plants (D:5)
12 creatures vanquished.

Grand Total: 197 creatures vanquished

Notes
Turn   | Place    | Note
-------+----------+-------------------------------------------
     0 | D:1      | iamoutofideas the Hill Orc Gladiator began the quest for
                  | the Orb.
     0 | D:1      | Reached XP level 1. HP: 18/18 MP: 1/1
   206 | D:1      | Reached XP level 2. HP: 24/25 MP: 2/2
   493 | D:1      | Reached skill level 5 in Axes
   730 | D:1      | Reached XP level 3. HP: 30/30 MP: 3/3
   948 | D:2      | Noticed Natasha
  1103 | D:2      | Killed Natasha
  1104 | D:2      | Reached skill level 6 in Axes
  1179 | D:2      | Reached XP level 4. HP: 37/37 MP: 4/4
  1469 | D:2      | Noticed Natasha
  1474 | D:2      | Killed Natasha
  1616 | D:2      | Noticed Natasha
  1622 | D:2      | Killed Natasha
  1623 | D:2      | Reached skill level 7 in Axes
  1623 | D:2      | Reached XP level 5. HP: 42/42 MP: 5/5
  2250 | D:3      | Found a transporter.
  2252 | D:3      | Noticed a kobold brigand
  2260 | D:3      | Found a one-way gate to the infinite horrors of the Abyss.
  2377 | D:3      | Noticed Grorgnorb's ghost (amateur OpWn)
  2545 | D:3      | Found a transporter.
  2814 | D:4      | Reached skill level 8 in Axes
  3267 | D:4      | Reached XP level 6. HP: 34/50 MP: 6/6
  3406 | D:4      | Reached skill level 9 in Axes
  3571 | D:4      | Found a staircase to the Ecumenical Temple.
  3600 | Temple   | Entered the Ecumenical Temple
  4028 | Temple   | Became a worshipper of Gozag Ym Sagoz the Greedy
  4226 | D:4      | Reached XP level 7. HP: 21/57 MP: 7/7
  4587 | D:4      | Reached skill level 10 in Axes
  4769 | D:5      | Entered Level 5 of the Dungeon
  5876 | D:5      | Reached skill level 11 in Axes
  5877 | D:5      | Reached XP level 8. HP: 22/67 MP: 8/8
  6421 | D:5      | Found a white marble altar of Elyvilon.
  6506 | D:6      | Found a sand-covered staircase.
  6518 | Ossuary  | Entered an ossuary
  6669 | Ossuary  | Reached skill level 5 in Fighting
  7066 | D:6      | Reached skill level 12 in Axes
  7223 | D:6      | Found a glowing golden altar of the Shining One.
  7548 | D:6      | Reached skill level 1 in Armour
  8011 | D:6      | Reached skill level 13 in Axes
  8341 | D:7      | Found a runed translucent gate.
  8341 | D:7      | Found a runed translucent gate.
  8341 | D:7      | Found a runed translucent gate.
  8342 | D:7      | Noticed elongatedgoose's ghost (novice MiMo)
  8358 | D:7      | Reached XP level 9. HP: 74/74 MP: 9/9
  8389 | D:7      | Noticed Menkaure
  8395 | D:7      | Killed Menkaure
  8401 | D:7      | Reached skill level 14 in Axes
  8494 | D:7      | Found a flagged portal.
  8527 | Bailey   | Entered a bailey
  8597 | Bailey   | Noticed an orc knight
  8612 | Bailey   | Slain by an orc knight

Illustrated notes

Levels and vault maps discovered:
D:1:      dpeg_arrival_ratfight, layout_basic, serial_corexii_hall,
          corexii_hall_statues_i, chequers_hall_statues_corner_a
D:2:      layout_basic, uniq_natasha
D:3:      layout_loops_cross, gammafunk_ghost_abyssal_escape
D:4:      layout_basic, minmay_temple_entry_water_ring, serial_demonic,
          serial_demonic_e, serial_demonic_g, serial_demonic_e, serial_demonic_b
D:5:      layout_cave_pools, nicolae_elyvilon_temple_path, minivault_24
D:6:      layout_loops_ring, tso_metal_star, enter_ossuary_1,
          eino_small_chamber_without_monster
D:7:      layout_rooms, enter_bailey_2, gammafunk_ghost_necromancy,
          uniq_menkaure
Temple:   nicolae_temple_bog_church
Bailey:   bailey_axe_4, bailey

Skill      XL: |  1  2  3  4  5  6  7  8  9 |
---------------+----------------------------+-----
Axes           | 5 6 7 8 9 11 13 14 | 14.1
Fighting       | 3 4 5 |  5.0
Armour         | 3 4 |  4.3
Throwing       | |  1.7
Dodging        | |  2.4

Action                   |  1- 3 |  4- 6 |  7- 9 || total
-------------------------+-------+-------+-------++-------
Melee: War axe           |    68 |   185 |   320 ||   573
       Punch             |     1 |     4 |     3 ||     8
       Broad axe         |       |       |     5 ||     5
Invok: Potion Petition   |       |       |     2 ||     2
  Use: Scroll            |     2 |       |    10 ||    12
       Potion            |       |     5 |     3 ||     8
Armor: Leather armour    |    22 |    62 |     9 ||    93
       Ring mail         |       |       |    69 ||    69
       Acid dragon scale |       |       |     9 ||     9
Dodge: Dodged            |    48 |   139 |   195 ||   382
